 Dungeon Crawl Stone Soup version 0.19-a0-1111-gcceb26a (webtiles) character file.

5658 Gagarin the Nimble (level 10, -7/100 HPs)
             Began as a Troll Monk on Aug 11, 2016.
             Was a Believer of Ru.
             Mangled by an orc warrior
             ... wielding a +0 hand axe
              (15 damage)
             ... on level 9 of the Dungeon.
             The game lasted 00:20:48 (7191 turns).

Gagarin the Nimble (Troll Monk)                     Turns: 7191, Time: 00:20:49

Health: -7/100     AC: 10    Str: 18 (21) XL:     10   Next: 46%
Magic:  9/9        EV: 15    Int:  6 (9)  God:    Ru [**....]
Gold:   339        SH:  0    Dex: 13 (15) Spells: 1 memorised, 8 levels left

rFire  . . .     SeeInvis .       - Unarmed
rCold  . . .     Gourm    +     e - +2 robe {rN+}
rNeg   + . .     Faith    .     (no shield)
rPois  .         Spirit   .     M - +1 hat
rElec  .         Dismiss  +     V - +1 cloak
rCorr  .         Reflect  .     (gloves unavailable)
SustAt .         Harm     .     (boots unavailable)
MR     .....                    v - amulet of dismissal
Stlth  ++........               (no ring)
                                B - +3 ring of intelligence

@: flying
A: unfitting armour, claws 3, fast metabolism 3, gourmand, regeneration 2,
shaggy fur 1, tough skin 2, no device heal 1, no conjurations magic, no hexes
magic, no poison magic
a: Renounce Religion


You were on level 9 of the Dungeon.
You worshipped Ru.
Ru was pleased with you.
You were completely stuffed.

You visited 2 branches of the dungeon, and saw 10 of its levels.

You collected 469 gold pieces.
You spent 130 gold pieces at shops.

Inventory:

Hand Weapons
 a - a +1 giant club
 U - a cursed -3 giant spiked club
Armour
 e - a +2 robe of positive energy (worn)
 M - a +1 hat (worn)
 V - a +1 cloak (worn)
Jewellery
 v - an amulet of dismissal (around neck)
 B - a +3 ring of intelligence (left claw)
 F - a +1 ring of slaying {unknown}
Wands
 d - a wand of iceblast (10/15)
 s - a wand of flame (6/48)
 K - a wand of iceblast (4/15)
 L - a wand of lightning (0/15)
Scrolls
 g - 4 scrolls of remove curse
 j - a scroll of noise
 l - 3 scrolls of enchant weapon
 m - 2 scrolls of enchant armour {unknown}
 o - 7 scrolls of identify
 p - 6 scrolls of teleportation {unknown}
 r - a scroll of recharging {unknown}
 u - a scroll of immolation {unknown}
 E - a scroll of amnesia {unknown}
 H - a scroll of fog {unknown}
 Q - a scroll of fear {unknown}
 R - 2 scrolls of vulnerability {unknown}
 T - a scroll of random uselessness {unknown}
Potions
 c - a potion of flight
 h - 3 potions of brilliance
 i - a potion of degeneration
 q - 2 potions of agility {unknown}
 w - a potion of lignification {unknown}
 z - 6 potions of curing
 A - 2 potions of mutation {unknown}
 G - 2 potions of magic {unknown}
 O - a potion of resistance {unknown}
Books
 n - a book of Fire

   Spells                             Type                      Level
   a - Ignite Poison                  Fire/Transmutation/Poison    3
   b - Fireball                       Conjuration/Fire             5
   c - Bolt of Fire                   Conjuration/Fire             6
   d - Delayed Fireball               Conjuration/Fire             7
   e - Ring of Flames                 Charms/Fire                  7
 t - a book of Alchemy

   Spells                             Type                      Level
   a - Sublimation of Blood           Necromancy                   2
   b - Ignite Poison                  Fire/Transmutation/Poison    3
   c - Petrify                        Transmutation/Earth          4
   d - Alistair's Intoxication        Transmutation/Poison         5
   e - Irradiate                      Conjuration/Transmutation    5
 y - a book of Fire

   Spells                             Type                      Level
   a - Ignite Poison                  Fire/Transmutation/Poison    3
   b - Fireball                       Conjuration/Fire             5
   c - Bolt of Fire                   Conjuration/Fire             6
   d - Delayed Fireball               Conjuration/Fire             7
   e - Ring of Flames                 Charms/Fire                  7
 D - a book of the Earth

   Spells                             Type                      Level
   a - Leda's Liquefaction            Hexes/Earth                  4
   b - Bolt of Magma                  Conjuration/Fire/Earth       5
   c - Statue Form                    Transmutation/Earth          6
   d - Iron Shot                      Conjuration/Earth            6
   e - Shatter                        Earth                        9
 I - a book of Frost

   Spells                             Type                      Level
   a - Freeze                         Ice                          1
   b - Throw Frost                    Conjuration/Ice              2
   c - Ozocubu's Armour               Charms/Ice                   3
   d - Throw Icicle                   Conjuration/Ice              4
   e - Summon Ice Beast               Ice/Summoning                4
Comestibles
 b - 8 bread rations
 f - a beef jerky
 k - 7 meat rations
 x - a slice of pizza
 J - 5 chunks of flesh
 N - a royal jelly
 P - 6 fruits


   Skills:
 + Level 6.4 Fighting
 + Level 3.8 Maces & Flails
 + Level 9.4 Dodging
 + Level 2.8 Stealth
 + Level 7.6 Unarmed Combat


You had 8 spell levels left.
You knew the following spells:

 Your Spells              Type           Power        Failure   Level  Hunger
a - Freeze                Ice            #...         52%         1    ##.....


Dungeon Overview and Level Annotations

Branches:
Dungeon (9/15)             Temple (1/1) D:6            Lair (0/6) D:9
    Orc: D:9-12

Altars:
Ashenzari
Cheibriados
Dithmenos
Elyvilon
Fedhas
Gozag
Hepliaklqana
Kikubaaqudgha
Makhleb
Nemelex Xobeh
Okawaru
Pakellas
Qazlal
Ru
Sif Muna
Trog
Uskayaw
Vehumet
Xom
Yredelemnul
Zin
The Shining One

Shops:
D:4 =!=*   D:5 }


Innate Abilities, Weirdness & Mutations

You are too large for most types of armour.
You have claws for hands.
Your metabolism is lightning-fast.
You like to eat raw meat.
You heal very quickly.
You are covered in fur. (AC +1)
You have very tough skin. (AC +2)
Potions and wands are less effective at restoring your health.
You cannot study or cast Conjurations magic.
You cannot study or cast Hexes magic.
You cannot study or cast Poison magic.


Message History

Okay, then.
Okay, then.
It was a potion of flight.
You feel very buoyant.
You fly up into the air.
The crimson imp picks up a beetle and eats it.
The orc warrior misses you.
It was a potion of degeneration.
There was something very wrong with that liquid.
You feel weakened.
You feel dopey.
You feel clumsy. The crimson imp closely misses you.
The orc warrior closely misses you.
It was a potion of curing.
Your system partially rejects the healing.
You feel better. The crimson imp hits you.
* * * LOW HITPOINT WARNING * * *
The orc priest calls down the wrath of Beogh upon you.
Beogh smites you!
* * * LOW HITPOINT WARNING * * *
The orc warrior hits you with a hand axe!
You die...

#########.#.)
#.#.#
#.........##.
#[#.# #.#########
..#.# #.# #. .#
#.# .# #.#
#######.#
#......o#########
#......oo@5......
#....O.o###....##
+.......o .....
#.......# ..##
#.......# .#
#..(..oo# #
#........oo#
#.##.....o.# #
###.....#


You could see an orc warrior, an ogre, an orc priest, an orc wizard, a crimson
imp and an orc.

Vanquished Creatures
  Joseph (D:7)
  The ghost of Aquadorian the Cutter, a novice DsNe of Qazlal (D:5)
  A two-headed ogre (D:9)
  Sigmund (D:2)
  A wyvern (D:7)
  A hippogriff (D:7)
  A yak (D:7)
  A hungry ghost (D:7)
  A soldier ant (D:7)
  2 wargs (D:9)
  Duvessa (D:4)
  3 sky beasts
  3 orc warriors
  A black bear (D:6)
  6 ogres
  An eye of draining (D:8)
  A phantom (D:7)
  3 centaurs
  A crocodile (D:8)
  A big kobold (D:7)
  2 giant frogs
  A wyvern zombie (D:7)
  Dowan (D:4)
  4 scorpions
  A howler monkey (D:6)
  5 crimson imps
  2 centaur zombies (D:7)
  3 centaur skeletons
  A quasit (D:8)
  Crazy Yiuf (D:7)
  12 orc priests
  2 jellies (D:6)
  10 orc wizards
  2 giant frog skeletons
  An iguana (D:8)
  6 worker ants
  A killer bee zombie (D:6)
  Robin (D:5)
  3 gnolls (D:3)
  7 adders
  2 shadow imps
  An adder zombie (D:5)
  2 oozes
  2 adder skeletons
  2 worms
  5 giant geckos
  32 orcs
  A giant cockroach (D:3)
  13 goblins
  14 hobgoblins
  8 jackals
  8 kobolds
  6 quokkas
  5 bats
  A giant gecko zombie (D:5)
  4 giant newts
  7 rats
211 creatures vanquished.

Vanquished Creatures (others)
  An orc wizard (D:5)
1 creature vanquished.

Grand Total: 212 creatures vanquished

Notes
Turn   | Place    | Note
-------+----------+-------------------------------------------
     0 | D:1      | Gagarin the Troll Monk began the quest for the Orb.
     0 | D:1      | Reached XP level 1. HP: 22/22 MP: 0/0
   111 | D:1      | Reached XP level 2. HP: 29/29 MP: 1/1
   601 | D:1      | Reached XP level 3. HP: 36/36 MP: 2/2
   732 | D:2      | Reached skill level 3 in Dodging
  1105 | D:2      | Noticed Sigmund
  1115 | D:2      | Killed Sigmund
  1115 | D:2      | Reached XP level 4. HP: 37/45 MP: 3/3
  1115 | D:2      | Reached XP level 5. HP: 43/53 MP: 4/4
  1392 | D:3      | Reached skill level 4 in Dodging
  1392 | D:3      | Reached XP level 6. HP: 52/61 MP: 5/5
  1487 | D:3      | Noticed a sky beast
  1502 | D:3      | Killed a sky beast
  1816 | D:4      | Noticed Robin
  1837 | D:4      | Reached skill level 5 in Unarmed Combat
  1856 | D:5      | Entered Level 5 of the Dungeon
  1861 | D:5      | Killed Robin
  2038 | D:4      | Noticed Dowan
  2046 | D:4      | Noticed Duvessa
  2059 | D:4      | Killed Duvessa
  2059 | D:4      | Reached XP level 7. HP: 57/68 MP: 6/6
  2184 | D:4      | Killed Dowan
  2269 | D:4      | Found Tuizaist's General Store.
  2407 | D:4      | Reached skill level 5 in Dodging
  2538 | D:4      | Found Dyfoho's Jewellery Shop.
  2558 | D:4      | Found Enaottad's Distillery.
  2565 | D:4      | Found Itautroe's Jewellery Shop.
  2566 | D:4      | Bought 2 potions of heal wounds for 130 gold pieces
  2874 | D:4      | Found a bloodstained altar of Trog.
  3094 | D:5      | Found Emeem's Gadget Shoppe.
  3106 | D:5      | Reached skill level 1 in Maces & Flails
  3180 | D:5      | Noticed Aquadorian's ghost (novice DsNe)
  3267 | D:5      | Killed Aquadorian's ghost
  3267 | D:5      | Reached skill level 6 in Dodging
  3267 | D:5      | Reached XP level 8. HP: 75/79 MP: 7/7
  4023 | D:5      | Reached skill level 5 in Fighting
  4251 | D:6      | Reached XP level 9. HP: 60/88 MP: 8/8
  4264 | D:6      | Reached skill level 7 in Dodging
  4399 | D:6      | Found a staircase to the Ecumenical Temple.
  4429 | Temple   | Entered the Ecumenical Temple
  4432 | Temple   | Learned a level 1 spell: Freeze
  4499 | Temple   | Became a worshipper of Ru the Awakened
  4516 | Temple   | Gained mutation: Potions and wands are less effective at restoring your health. [Ru sacrifice]
  4995 | D:7      | Noticed Joseph
  5414 | D:7      | Reached skill level 8 in Dodging
  5581 | D:7      | Found a runed door.
  5682 | D:7      | Killed Joseph
  5864 | D:7      | Reached XP level 10. HP: 61/98 MP: 9/9
  6114 | D:7      | Noticed Crazy Yiuf
  6118 | D:7      | Killed Crazy Yiuf
  6424 | D:8      | Reached skill level 9 in Dodging
  7009 | D:9      | Found a burning altar of Makhleb.
  7102 | D:9      | Gained mutation: You cannot study or cast Poison magic. [Ru sacrifice]
  7102 | D:9      | Gained mutation: You cannot study or cast Hexes magic. [Ru sacrifice]
  7102 | D:9      | Gained mutation: You cannot study or cast Conjurations magic. [Ru sacrifice]
  7102 | D:9      | Reached * piety under Ru
  7102 | D:9      | Reached ** piety under Ru
  7158 | D:9      | Found a staircase to the Lair.
  7181 | D:9      | HP: 5/100 [orc warrior/hand axe (11)]
  7191 | D:9      | Mangled by an orc warrior

Vault maps used:
D:1:      grunt_arrival_crossed_arrows, minivault_19, minmay_quantized
D:2:      uniq_sigmund
D:4:      lemuel_crystal_altar, first_bread, serial_shops, shop,
          nicolae_shop_temple_entry_statues_fountains, nicolae_shop_waterfront,
          shop, uniq_robin, uniq_duvessa
D:5:      serial_shops, nicolae_shop_waterfront
D:6:      minivault_14
D:7:      uniq_crazy_yiuf_cottage, uniq_joseph
D:9:      erik_lair_orcish_takeover, bloody_makhleb
Temple:   minmay_crystal_snake_temple

Skill      XL: |  1  2  3  4  5  6  7  8  9 10 |
---------------+-------------------------------+-----
Dodging        | 3 4 6 8 9 |  9.4
Fighting       | 3 4 5 6 |  6.4
Unarmed Combat | 4 5 6 7 |  7.6
Stealth        | 2 |  2.8
Maces & Flails | 2 3 |  3.8

Action                   |  1- 3 |  4- 6 |  7- 9 | 10-12 || total
-------------------------+-------+-------+-------+-------++-------
Melee: Unarmed           |   108 |    86 |   271 |   152 ||   617
       Giant club        |       |    12 |   161 |       ||   173
       Punch             |       |       |     8 |     7 ||    15
Invok: Sacrifice Purity  |       |       |     1 |       ||     1
       Sacrifice Arcana  |       |       |       |     1 ||     1
Evoke: Wand              |       |       |       |     3 ||     3
  Use: Scroll            |       |     4 |     1 |       ||     5
       Potion            |       |     1 |     1 |     6 ||     8
 Stab: Sleeping          |     2 |     3 |     1 |     1 ||     7
  Eat: Chunk             |    16 |     8 |    36 |    19 ||    79
Armor: Robe              |    31 |    26 |   139 |    28 ||   224
       Animal skin       |       |    10 |    14 |       ||    24
Dodge: Dodged            |    56 |    68 |   333 |    78 ||   535
